 Dungeon Crawl Stone Soup version 0.30-a0-924-g0ad0bf95bc (webtiles) character file.

Game seed: 1409624185873682458

9984 Pooter the Cleaver (level 11, -6/145 HPs)
             Began as a Minotaur Berserker on Mar 22, 2023.
             Was an Elder of Trog.
             Mangled by an orc warrior
             ... wielding a +0 flail
              (21 damage)
             ... on level 1 of the Orcish Mines on Mar 23, 2023.
             The game lasted 00:49:37 (12372 turns).

Pooter the Cleaver (Minotaur Berserker)            Turns: 12372, Time: 00:49:38

Health: -6/145     AC:  7    Str: 23    XL:     11   Next: 30%
Magic:  10/10      EV:  7    Int:  4    God:    Trog [****..]
Gold:   1099       SH:  5    Dex: 13    Spells: 10/10 levels left

rFire   . . .      SeeInvis .    a - +3 battleaxe
rCold   . . .      Faith    .    (shield currently unavailable)
rNeg    . . .      Spirit   .    E - +4 plate armour of Issuemew {Rampage *Corrode Will+++ Slay+2}
rPois   .          Reflect  +    (helmet restricted)
rElec   .          Rampage  +    J - +0 cloak
rCorr   .                        w - +0 pair of gloves
Will    +++++                    B - +1 pair of boots {Stlth+} Stlth
                                 r - amulet of reflection
HPRegen 1.44/turn                (no ring)
MPRegen 0.12/turn                (no ring)

@: berserking, strong-willed (expiring), corroded, regenerating (expiring), very
quick
A: horns 2, retaliatory headbutt
a: Renounce Religion, Berserk, Trog's Hand, Brothers in Arms


You were on level 1 of the Orcish Mines.
You worshipped Trog.
Trog was greatly pleased with you.
You visited 2 branches of the dungeon, and saw 11 of its levels.

You collected 1915 gold pieces.
You spent 816 gold pieces at shops.

Inventory:

Hand Weapons
 a - a +3 battleaxe (weapon)
   (You took it off an orc knight on level 1 of the Orcish Mines)
 b - a +0 arbalest
   (You found it on level 7 of the Dungeon)
 y - a +0 morningstar
   (You took it off an orc on level 4 of the Dungeon)
 K - a +2 broad axe of electrocution
   (You acquired it on level 8 of the Dungeon)
 N - a +3 trident
   (You took it off an orc on level 8 of the Dungeon)
Missiles
 i - 6 atropa-tipped darts
 l - 11 poisoned darts
 q - 5 silver boomerangs
 A - 2 curare-tipped darts
 Q - 91 stones (quivered)
Armour
 w - a +0 pair of gloves (worn)
   (You found it on level 4 of the Dungeon)
 B - a +1 pair of boots of stealth (worn)
   (You bought it in a shop on level 2 of the Dungeon)
 E - the +4 plate armour of Issuemew (worn) {Rampage *Corrode Will+++ Slay+2}
   (You bought it in a shop on level 2 of the Dungeon)

   Slay:      It affects your accuracy & damage with ranged weapons and melee
   (+2).
   *Corrode:  It may corrode you when you take damage.
   Rampage:   It bestows one free step when moving towards enemies.
   Will:      It greatly increases your willpower.
 J - a +0 cloak (worn)
   (You found it on level 9 of the Dungeon)
Jewellery
 j - an amulet of the acrobat
   (You found it on level 2 of the Dungeon)
 r - an amulet of reflection (around neck)
   (You found it on level 3 of the Dungeon)
 G - an amulet of guardian spirit
   (You found it on level 1 of the Dungeon)
Wands
 f - a wand of flame (13)
   (You found it on level 2 of the Dungeon)
 u - a wand of paralysis (15)
   (You found it on level 8 of the Dungeon)
 F - a wand of roots (5)
   (You took it off an orc on level 7 of the Dungeon)
 I - a wand of mindburst (13)
   (You found it on level 7 of the Dungeon)
Scrolls
 c - a scroll of poison {!r}
 e - a scroll of enchant armour {unknown}
 n - 5 scrolls of teleportation {unknown}
 t - a scroll of torment {unknown}
 v - a scroll of enchant weapon {unknown}
 x - a scroll of blinking
 C - 2 scrolls of magic mapping
 D - a scroll of immolation {unknown}
 L - a scroll of fear {unknown}
Potions
 d - 3 potions of flight
 g - 2 potions of lignification {!q}
 h - 2 potions of curing {unknown}
 k - 2 potions of attraction {!q}
 m - a potion of berserk rage {unknown}
 o - a potion of might {unknown}
 p - a potion of invisibility
 s - 5 potions of heal wounds {@q2}
 z - a potion of haste {unknown}
 H - a potion of brilliance {unknown}


   Skills:
 + Level 9.5 Fighting
 * Level 12.9 Axes
 * Level 11.1 Ranged Weapons
 - Level 2.4 Armour
 - Level 2.1 Dodging
 - Level 4.8 Stealth
 + Level 4.2 Evocations


You had 10 spell levels left.
You didn't know any spells.
Your spell library was empty.

Dungeon Overview and Level Annotations

Branches:
Dungeon (9/15)             Temple (0/1) D:7             Orc (2/2) D:9
   Lair: D:8-11         Elf: Orc:2

Altars:
Cheibriados
Trog

Shops:
D:2 [

Annotations:
D:4 1 runed translucent door, Crazy Yiuf


Innate Abilities, Weirdness & Mutations

You have a pair of horns on your head.
You reflexively headbutt those who attack you in melee.


Message History

The orc hits you but does no damage.
The orc knight hits you with a +0 war axe!
* * * LOW HITPOINT WARNING * * *
Your corrosive artefact corrodes you!
The troll bites you but does no damage. The troll claws you.
* * * LOW HITPOINT WARNING * * *
The troll claws you but does no damage. The orc wizard barely misses you.
You hit the orc knight. Your headbutt misses the orc knight.
You barely miss the orc.
You hit the orc warrior but do no damage.
You slash the troll! You hit the orc wizard. You hit the warg.
The warg bites you!
* * * LOW HITPOINT WARNING * * *
Your corrosive artefact corrodes you!
You slash the orc knight!
You headbutt the orc knight, but do no damage.
You slash the orc warrior! You slash the troll! You slash the orc wizard!
You kill the orc wizard!
Trog accepts your kill.
Trog appreciates your killing of a magic user.
You hit the warg. You slash the orc!
You kill the orc!
Trog accepts your kill. The warg bites you but does no damage.
The troll bites you.
* * * LOW HITPOINT WARNING * * *
The troll claws you.
* * * LOW HITPOINT WARNING * * *
The troll claws you!
* * * LOW HITPOINT WARNING * * *
The orc warrior hits you with a +0 flail!
* * * LOW HITPOINT WARNING * * *
The orc knight hits you with a +0 war axe!
* * * LOW HITPOINT WARNING * * *
You hit the orc knight but do no damage.
You closely miss the orc warrior. You slash the troll!
You kill the troll!
Trog accepts your kill.
The troll leather armour is intact enough to wear.
You closely miss the warg. The warg barely misses you.
The orc warrior hits you with a +0 flail!
* * * LOW HITPOINT WARNING * * *
The orc knight roars a battlecry!
The orc warrior goes into a battle-frenzy!
You slice the orc knight!! You hit the orc warrior. You slash the warg!
You kill the warg!
Trog accepts your kill.
You closely miss the orc knight.
You hit the orc warrior but do no damage.
The orc warrior hits you with a +0 flail!!
You die...

###..........##.......###
#............##...#.## #
##................#### ##
#............#.....#.###.
##................#...###
###............>.......####
######......................###.
##.#......#....[))......##....###
#.............[o@<............#..
#........#....#[[o#..........#...
.....##.###.##.[...##............
#.....##.#....................^..
........................#........
#.....##.##..................#.##
##...##.................##......#
#................#.......##..#.##
.#......................##...###


You could see an orc knight and an orc warrior (strong).

Vanquished Creatures
  A two-headed ogre (Orc:1)
  2 orc high priests
  Pikel (D:7)
  2 orc knights (Orc:1)
  An orc sorcerer (Orc:1)
  2 trolls
  A wyvern (D:7)
  A wraith (D:9)
  5 yaks (D:8)
  3 wargs
  A water moccasin (D:4)
  10 orc warriors
  A sky beast (D:7)
  An ice beast (D:6)
  A centaur (D:8)
  9 ogres
  A phantom (D:5)
  2 lemures (D:6)
  4 bullfrogs
  3 kobold brigands
  3 wights (D:7)
  15 killer bees
  A howler monkey (D:8)
  2 hounds
  A jelly (D:6)
  8 orc priests
  A gnoll bouda (D:7)
  An iron imp (D:5)
  6 iguanas
  22 orc wizards
  6 gnolls
  5 adders
  A shadow imp (D:8)
  5 white imps
  2 worms
  2 dart slugs
  67 orcs
  2 bats
  8 endoplasms
  A giant cockroach (D:4)
  8 goblins
  8 hobgoblins
  5 quokkas
  6 ball pythons
  6 frilled lizards
  20 kobolds
  2 rats
266 creatures vanquished.

Vanquished Creatures (others)
  8 fungi
  30 plants (D:5)
38 creatures vanquished.

Grand Total: 304 creatures vanquished

Notes
Turn   | Place    | Note
-------+----------+-------------------------------------------
     0 | D:1      | Pooter the Minotaur Berserker began the quest for the Orb.
     0 | D:1      | Reached XP level 1. HP: 19/19 MP: 0/0
   237 | D:1      | Reached XP level 2. HP: 27/27 MP: 1/1
   251 | D:1      | Reached skill level 4 in Axes
   436 | D:1      | Reached skill level 1 in Stealth
   497 | D:1      | Found a faded altar of an unknown god.
  1235 | D:2      | Reached XP level 3. HP: 33/33 MP: 2/2
  1315 | D:2      | Reached ** piety under Trog
  1361 | D:2      | Found Vownil's Antique Armour Shop.
  2516 | D:3      | Reached skill level 1 in Ranged Weapons
  2516 | D:3      | Reached XP level 4. HP: 37/40 MP: 3/3
  2901 | D:3      | Reached skill level 5 in Axes
  3044 | D:4      | Reached XP level 5. HP: 41/47 MP: 4/4
  3390 | D:4      | Reached XP level 6. HP: 46/53 MP: 5/5
  3591 | D:4      | Found a runed translucent door.
  3592 | D:4      | Noticed Crazy Yiuf
  3754 | D:4      | Noticed a water moccasin
  3760 | D:4      | Killed a water moccasin
  3761 | D:4      | Reached skill level 5 in Fighting
  3761 | D:4      | Reached skill level 6 in Axes
  4204 | D:5      | Entered Level 5 of the Dungeon
  4604 | D:5      | Reached XP level 7. HP: 61/61 MP: 6/6
  4865 | D:5      | Found a snail-covered altar of Cheibriados.
  4936 | D:5      | Reached skill level 7 in Axes
  5131 | D:5      | Reached skill level 5 in Ranged Weapons
  5204 | D:6      | Reached XP level 8. HP: 70/70 MP: 7/7
  5613 | D:2      | Bought a pair of glowing boots for 172 gold pieces
  6288 | D:6      | Reached skill level 8 in Axes
  6885 | D:7      | Found a staircase to the Ecumenical Temple.
  7252 | D:7      | Reached skill level 9 in Axes
  7261 | D:7      | Reached XP level 9. HP: 67/78 MP: 8/8
  7845 | D:7      | Noticed Pikel
  7859 | D:7      | Killed Pikel
  8029 | D:8      | Reached skill level 10 in Axes
  8283 | D:8      | Reached skill level 1 in Evocations
  8329 | D:8      | Reached XP level 10. HP: 66/88 MP: 9/9
  8741 | D:8      | Identified 2 scrolls of acquirement
  8741 | D:8      | Acquired 928 gold pieces
  8743 | D:8      | Acquired a +2 broad axe of electrocution
  9321 | D:2      | Bought a heavily runed plate armour for 644 gold pieces
  9321 | D:2      | Identified the +4 plate armour of Issuemew {Rampage
                  | *Corrode Will+++ Slay+2} (You bought it in a shop on level
                  | 2 of the Dungeon)
  9776 | D:9      | Reached *** piety under Trog
 10131 | D:9      | Reached skill level 11 in Axes
 10631 | D:9      | Found a staircase to the Orcish Mines.
 10698 | Orc:1    | Entered Level 1 of the Orcish Mines
 10709 | D:9      | Reached **** piety under Trog
 10908 | Orc:1    | Found a bloodstained altar of Trog.
 10938 | Orc:1    | Noticed a two-headed ogre
 10944 | Orc:1    | Killed a two-headed ogre
 10945 | Orc:1    | Reached skill level 10 in Ranged Weapons
 10998 | Orc:1    | Noticed an orc high priest
 11012 | Orc:1    | Killed an orc high priest
 11013 | Orc:1    | Reached skill level 12 in Axes
 11241 | Orc:1    | Noticed an orc sorcerer
 11242 | Orc:1    | Noticed an orc knight
 11246 | Orc:1    | Killed an orc sorcerer
 11247 | Orc:1    | Reached XP level 11. HP: 97/97 MP: 10/10
 11257 | Orc:1    | Killed an orc knight
 12150 | Orc:2    | Entered Level 2 of the Orcish Mines
 12152 | Orc:2    | Noticed an orc knight
 12152 | Orc:2    | Noticed an orc high priest
 12153 | Orc:2    | Noticed an orc warlord
 12154 | Orc:2    | Noticed an orc knight
 12165 | Orc:2    | Killed an orc high priest
 12169 | Orc:1    | Killed an orc knight
 12372 | Orc:1    | Mangled by an orc warrior

Illustrated notes

Levels and vault maps discovered:
D:1:      scummos_arrival_gate, layout_basic, hellmonk_ecumenical_altar_zigzags,
          serial_forest, infiniplex_forest_fountain,
          infiniplex_forest_straight_3, infiniplex_forest_straight_2,
          infiniplex_forest_lined_ring, infiniplex_forest_lined_corner,
          infiniplex_forest_fountain, hangedman_feature_mirror, minmay_quantized
D:2:      cheibrodos_old_hovel, layout_basic, serial_shops, shop,
          grunt_decor_mini_mirrors
D:3:      layout_basic, kennysheep_generic_room_11
D:4:      layout_cave_pods, uniq_crazy_yiuf_cottage
D:5:      layout_loops_cross, chei_slow_surprise, serial_bayou_lagoon_a
D:6:      layout_loops_corners, minmay_strange_pillars
D:7:      layout_basic, temple_green, nrook_uturn, grunt_ministairs_1,
          due_unseen_surprise, uniq_pikel
D:8:      layout_loops_ring
D:9:      layout_loops_cross, hiddenorc2_lemuel, hangedman_decor_clover_reticule
Orc:1:    layout_caves, basic_altar, mines2_david
Orc:2:    grunt_orc_gardens, layout_caves, grunt_orc_garden, grunt_orc_garden,
          grunt_orc_garden, grunt_orc_garden, mines3_lemuel

Skill      XL: |  1  2  3  4  5  6  7  8  9 10 11 |
---------------+----------------------------------+-----
Axes           | 4 5 6 7 9 10 12 | 12.9
Stealth        | 1 2 3 4 |  4.8
Fighting       | 4 5 6 7 9 |  9.5
Ranged Weapons | 1 2 3 5 7 8 10 11 | 11.1
Evocations     | 1 3 4 |  4.2
Armour         | |  2.4
Dodging        | |  2.1

Action                     |  1- 3 |  4- 6 |  7- 9 | 10-12 || total
---------------------------+-------+-------+-------+-------++-------
  Melee: Hand axe          |    79 |       |       |       ||    79
         Headbutt          |     9 |    12 |    36 |    27 ||    84
         Flail             |     9 |    28 |       |       ||    37
         Morningstar       |       |    19 |       |       ||    19
         War axe           |       |    31 |   154 |    17 ||   202
         Punch             |       |       |     1 |     1 ||     2
         Broad axe         |       |       |       |   124 ||   124
         Battleaxe         |       |       |       |     9 ||     9
   Fire: Sling             |    13 |    38 |    28 |       ||    79
         Arbalest          |       |       |    49 |    66 ||   115
 Invoke: Berserk           |     2 |     5 |     7 |     9 ||    23
         Trog's Hand       |       |     2 |     7 |     9 ||    18
  Evoke: Wand              |       |     2 |     4 |       ||     6
    Use: Scroll            |     3 |     1 |     2 |     4 ||    10
         Potion            |       |       |       |     2 ||     2
   Stab: Sleeping          |     1 |       |       |       ||     1
 Armour: Animal skin       |     8 |       |       |       ||     8
         Plate armour      |    15 |    56 |   116 |   121 ||   308
  Dodge: Dodged            |    56 |    45 |    77 |    56 ||   234
  Block: Other             |       |       |     4 |    47 ||    51
         Reflection        |       |       |       |     3 ||     3

Table legend: (Time is in decaauts)
 A = Elapsed time spent in this place.
 B = Non-inter-level travel time spent in this place.
 C = Inter-level travel time spent in this place.
 D = Time resting spent in this place.
 E = Time spent auto-exploring this place.
 F = Levels seen in this place.
 G = Mean time per level.
                   A        B        C        D        E       F      G
               +--------+--------+--------+--------+--------+-----+--------+
         Total |  12750 |  11716 |   1034 |   3581 |   6255 |  11 | 1159.1 |
       Dungeon |  11166 |  10169 |    997 |   2648 |   5899 |   9 | 1240.7 |
  Orcish Mines |   1583 |   1546 |     37 |    932 |    356 |   2 |  791.5 |
               +--------+--------+--------+--------+--------+-----+--------+

Top non-repeatable levels by time:
   Orc:1: 1562 daAuts
     D:7: 1509 daAuts
     D:8: 1494 daAuts
     D:2: 1371 daAuts
     D:4: 1260 daAuts
     D:5: 1233 daAuts
     D:1: 1173 daAuts
     D:6: 1120 daAuts
     D:9: 1108 daAuts
     D:3: 894 daAuts
   Orc:2: 21 daAuts
